 Dungeon Crawl Stone Soup version 0.23.2-1-ga50397a6bc (webtiles) character file.

Game seed: 4901116220106980285

205998 Foic the Hoplite (level 19, -2/159 HPs)
             Began as a Formicid Fighter on May 15, 2019.
             Was the Champion of Qazlal.
             Killed from afar by a deep elf sorcerer (54 damage)
             ... with damnation
             ... on level 3 of the Elven Halls on May 17, 2019.
             The game lasted 03:35:25 (33089 turns).

Foic the Hoplite (Formicid Fighter)                Turns: 33089, Time: 03:35:25

Health: -2/159     AC: 29    Str: 29    XL:     19   Next: 41%
Magic:  17/17      EV:  9    Int: 12    God:    Qazlal [******]
Gold:   2656       SH: 27    Dex: 20    Spells: 18/18 levels left

rFire    + . .     SeeInvis +   b - +6 battleaxe of Righteous Fury {chop, rElec MR+ Dex+2}
rCold    x . .     Gourm    .   R - +1 shield {reflect}
rNeg     . . .     Faith    .   D - +0 plate armour
rPois    .         Spirit   .   (helmet unavailable)
rElec    +         Reflect  +   v - +2 cloak {MR+}
rCorr    +         Harm     .   F - +1 pair of gloves of Liberty {+Inv rF+ rC- Dex+2}
MR       +++..                  Q - +0 pair of boots
Stlth    ..........             X - amulet of regeneration
HPRegen  0.76/turn              A - +4 ring of protection
MPRegen  0.15/turn              L - ring of Kaul {rCorr Int+5 Dex+5}

@: protected from physical damage, drained, repel missiles
A: permanent stasis, dig shafts and tunnels, four strong arms, antennae 3, low
mp 1
}: 1/15 runes: gossamer
a: Dig, Shaft Self, Upheaval, Elemental Force, Disaster Area, Renounce Religion,
Evoke Invisibility


You were on level 3 of the Elven Halls.
You worshipped Qazlal.
Qazlal was exalted by your worship.
You were not hungry.

You visited 7 branches of the dungeon, and saw 30 of its levels.

You collected 2656 gold pieces.

Inventory:

Hand Weapons
 a - a +3 battleaxe of flaming
 b - the +6 battleaxe of Righteous Fury (weapon) {chop, rElec MR+ Dex+2}
   (You took it off a deep elf mage on level 2 of the Elven Halls)

   It inflicts extra damage upon your enemies.
   It affects your dexterity (+2).
   It insulates you from electricity.
   It affects your resistance to hostile enchantments.
 N - the +8 fustibalus of Corporal Punishment {venom, MR+ Dex+6}
   (You found it on level 2 of the Shoals)

   It poisons the ammo it fires.
   It affects your dexterity (+6).
   It affects your resistance to hostile enchantments.
 Y - a +0 hand axe of distortion
Missiles
 g - 357 sling bullets
 k - 872 stones (quivered)
 O - 33 tomahawks
 V - 13 javelins
Armour
 v - a +2 cloak of magic resistance (worn)
 D - a +0 plate armour (worn)
 F - the +1 pair of gloves of Liberty (worn) {+Inv rF+ rC- Dex+2}
   (You found it on level 6 of the Dungeon)

   It affects your dexterity (+2).
   It protects you from fire.
   It makes you vulnerable to cold.
   It lets you turn invisible.
 Q - a +0 pair of boots (worn)
 R - a +1 shield of reflection (worn)
Jewellery
 j - the amulet of Sin {Spirit Stlth+}
   (You acquired it on level 6 of the Lair of Beasts)

   [amulet of guardian spirit]

   It causes incoming damage to be split between your health and magic.
   It makes you more stealthy.
 u - an uncursed ring of protection from cold
 A - a +4 ring of protection (left hand)
 E - an uncursed ring of resist corrosion
 K - an uncursed amulet of the gourmand
 L - the ring of Kaul (right hand) {rCorr Int+5 Dex+5}
   (You found it on level 7 of the Dungeon)

   [ring of resist corrosion]

   It affects your intelligence (+5).
   It affects your dexterity (+5).
 P - an uncursed ring of positive energy
 U - an uncursed ring of flight
 X - an amulet of regeneration (around neck)
Wands
 e - a wand of disintegration (18)
 h - a wand of acid (3)
 m - a wand of paralysis (9)
 y - a wand of iceblast (4)
 B - a wand of digging (2)
 J - a wand of enslavement (12)
 M - a wand of polymorph (26)
Scrolls
 l - a scroll of magic mapping
 o - 4 scrolls of amnesia
 q - 11 scrolls of remove curse
 s - 7 scrolls of identify
 t - 2 scrolls of fog
 w - 7 scrolls of enchant weapon
 T - a scroll of enchant armour
 Z - 4 scrolls of fear
Potions
 c - a potion of invisibility
 d - 4 potions of might
 i - 9 potions of heal wounds
 n - 2 potions of agility
 p - 4 potions of ambrosia
 r - 6 potions of mutation
 x - 8 potions of flight
 z - 5 potions of brilliance
 C - 7 potions of curing
 G - 6 potions of lignification
 H - 2 potions of cancellation
 I - 3 potions of resistance
 W - a potion of magic
Comestibles
 f - 71 rations
 S - 4 chunks of flesh


   Skills:
 * Level 16.8(15.4) Fighting
 + Level 17.2(15.9) Axes
 + Level 0.6(0.0) Slings
 * Level 12.7(11.5) Armour
 + Level 3.4(2.4) Dodging
 - Level 1.1(0.2) Stealth
 + Level 22.0(20.6) Shields
 + Level 0.2(0.0) Invocations


You had 18 spell levels left.
You didn't know any spells.
Your spell library contained the following spells:

 Spells                   Type           Power        Failure   Level  Hunger
 Apportation              Tloc           #.....       93%         1    ##.....
 Confusing Touch          Hex            #.....       93%         1    ##.....
 Sandblast                Erth           #.....       93%         1    ##.....
 Shock                    Conj/Air       #...         93%         1    ##.....
 Sting                    Conj/Pois      #...         93%         1    ##.....
 Summon Butterflies       Summ           #.......     93%         1    ##.....
 Corpse Rot               Necr           N/A          98%         2    ###....
 Passwall                 Tmut/Erth      #.......     98%         2    ###....
 Poisonous Vapours        Pois/Air       #.....       98%         2    ###....
 Swiftness                Chrm/Air       #.......     98%         2    ###....
 Confuse                  Hex            #.......     100%        3    ####...
 Gell's Gravitas          Tloc           #.........   100%        3    ####...
 Lesser Beckoning         Tloc           #.........   100%        3    ####...
 Mephitic Cloud           Conj/Pois/Air  #.......     100%        3    ####...
 Recall                   Summ/Tloc      N/A          100%        3    ####...
 Static Discharge         Conj/Air       #.......     100%        3    ####...
 Stone Arrow              Conj/Erth      #.....       100%        3    ####...
 Tukima's Dance           Hex            #.......     100%        3    ####...
 Airstrike                Air            #.........   100%        4    #####..
 Leda's Liquefaction      Hex/Erth       #.........   100%        4    #####..
 Olgreb's Toxic Radiance  Pois           #.......     100%        4    #####..
 Petrify                  Tmut/Erth      #.......     100%        4    #####..
 Alistair's Intoxication  Tmut/Pois      #.......     100%        5    ######.
 Aura of Abjuration       Summ           #.........   100%        5    ######.
 Bolt of Magma            Conj/Fire/Erth #.........   100%        5    ######.
 Iskenderun's Battlesphe  Conj/Chrm      #.......     100%        5    ######.
 Lee's Rapid Deconstruct  Erth           #.........   100%        5    ######.
 Lightning Bolt           Conj/Air       #.........   100%        5    ######.
 Metabolic Englaciation   Hex/Ice        #.........   100%        5    ######.
 Summon Demon             Summ           #.........   100%        5    ######.
 Summon Forest            Summ/Tloc      #.........   100%        5    ######.
 Summon Mana Viper        Hex/Summ       #.......     100%        5    ######.
 Venom Bolt               Conj/Pois      #.........   100%        5    ######.
 Yara's Violent Unravell  Hex/Tmut       #.........   100%        5    ######.
 Hydra Form               Tmut           #.........   100%        6    #######
 Invisibility             Hex            #.......     100%        6    #######
 Iron Shot                Conj/Erth      #.........   100%        6    #######
 Shadow Creatures         Summ           N/A          100%        6    #######
 Malign Gateway           Summ/Tloc      #.........   100%        7    #######
 Monstrous Menagerie      Summ           #.........   100%        7    #######
 Orb of Destruction       Conj           #.........   100%        7    #######
 Spellforged Servitor     Conj/Summ      #.........   100%        7    #######
 Summon Greater Demon     Summ           #.........   100%        7    #######
 Summon Hydra             Summ           #.........   100%        7    #######
 Summon Horrible Things   Summ           #.........   100%        8    #######


Dungeon Overview and Level Annotations

Branches:
Dungeon (10/15)            Temple (1/1) D:4            Lair (6/6) D:9
 Shoals (4/4) Lair:3       Spider (4/4) Lair:2        Slime (0/5) Lair:6
    Orc (2/2) D:9             Elf (3/3) Orc:2

Altars:
Ashenzari
Cheibriados
Dithmenos
Elyvilon
Fedhas
Gozag
Hepliaklqana
Kikubaaqudgha
Makhleb
Nemelex Xobeh
Okawaru
Qazlal
Ru
Sif Muna
Trog
Uskayaw
Vehumet
Wu Jian
Xom
Yredelemnul
Zin
The Shining One
Beogh

Shops:
Orc:1 %   Orc:2 (%!?

Portals:
Trove: D:10 (give +3 shadow dragon scales)

Annotations:
Lair:4 2 runed translucent doors, Nubia's ghost, journeyman GnEn
Shoals:3 2 transporters dangerous @ 18 lvl, Andrea's ghost, adept HuFi
Elf:1 3 runed translucent doors, arest24's ghost, journeyman MiFi


Innate Abilities, Weirdness & Mutations

You cannot be hasted, slowed, berserked, paralysed or teleported.
You can dig through walls and to a lower floor.
Your four strong arms can wield two-handed weapons with a shield.
You have a pair of large antennae on your head. (SInv)
Your magical capacity is low. (-10% MP)


Message History

The deep elf sorcerer howls an incantation.
You feel troubled.
The deep elf sorcerer is engulfed in freezing vapours.
The deep elf annihilator mumbles some strange words.
The deep elf annihilator blinks!
You hear a shout! x2
You see here a potion of degeneration.
The deep elf sorcerer shouts, "You can't withstand my power!"
You hear rumbling.
The deep elf annihilator is engulfed in freezing vapours.
The deep elf sorcerer gestures at you while chanting.
The bolt of acid hits you! You resist.
You are splashed with acid.
You resist.
The deep elf annihilator mumbles some strange words.
The deep elf annihilator blinks!
The deep elf sorcerer points at you and mumbles some strange words.
The sphere of damnation explodes!
The damnation engulfs you!!
You hear rumbling.
The deep elf sorcerer gestures at you while chanting.
The sphere of damnation explodes!
The damnation engulfs you!!!
You die...

#.)...# #.# ##....# #.#
#e..## #.# #°..# ####'###
#.e### #....... ##○e.#
###..PPP.. ###..!###
#.....PP..
#...○...########....PPP..
+.......@...).)'.PPPPPPPP
#.....○.########.PPPP8PPP
###?..###


#.PPPPPPPP #...# #.....PP.. ##### #....PPP.. ###..PPP.. ....... ###### You could
see a deep elf death mage and a deep elf sorcerer.

Vanquished Creatures
  Nikola (Spider:1)
  2 tentacled monstrosities (Elf:1)
  3 krakens
  Donald (Spider:2)
  5 ghost moths
  A deep elf sorcerer (Elf:1)
  7 emperor scorpions
  2 deep elf elementalists
  4 entropy weavers
  A deep elf annihilator (Elf:1)
  A spark wasp (Spider:2)
  A dire elephant (Lair:6)
  2 merfolk impalers
  Josephine (Lair:6)
  Erolcha (D:8)
  3 hydras
  An alligator snapping turtle (Shoals:1)
  A merfolk avatar (Shoals:2)
  A catoblepas (Lair:6)
  A merfolk aquamancer (Shoals:3)
  2 two-headed ogres
  A satyr (Shoals:3)
  A deep troll shaman (Lair:6)
  23 dancing weapons
  9 death yaks
  Urug (Lair:6)
  4 orc high priests
  13 deep elf knights
  Sonja (Lair:6)
  Nergalle (Lair:3)
  The ghost of will825x the Cleaver, a novice HOMo (D:7)
  An unseen horror (D:7)
  4 sea snakes
  Pikel (D:5)
  6 deep elf archers
  4 orc knights
  A lindwurm (Lair:6)
  10 harpies
  41 deep elf magi
  6 orc sorcerers
  A cyclops (Shoals:3)
  15 orb spiders
  21 wolf spiders
  8 fauns
  4 merfolk sirens
  7 large abominations (Elf:1)
  8 manticores
  Joseph (D:9)
  9 elephants
  8 black mambas
  4 water nymphs (Shoals:3)
  2 torpor snails
  A gargoyle (D:9)
  10 spiny frogs
  2 rime drakes
  6 komodo dragons
  12 demonic crawlers
  A queen bee (Lair:2)
  17 jumping spiders
  15 merfolk
  4 trolls
  4 hornets
  11 polar bears
  5 wind drakes
  A slime creature (D:7)
  3 dream sheep (Shoals:3)
  28 blink frogs
  A blink frog (shapeshifter) (Elf:2)
  7 snapping turtles
  9 hippogriffs
  51 redbacks
  6 water elementals
  21 yaks
  22 tarantellas
  2 air elementals (Elf:1)
  2 spriggans
  2 wyverns
  4 wraiths
  2 fire elementals
  Grum (D:8)
  Eustachio (D:5)
  4 fire bats (Lair:3)
  2 basilisks
  Menkaure (D:6)
  A steam dragon (Lair:5)
  A warg (D:9)
  13 water moccasins
  Duvessa (D:6)
  10 porcupines
  5 sky beasts
  4 ice beasts
  20 orc warriors
  A phantom (D:9)
  12 black bears
  4 slaves
  7 necrophages
  12 ogres
  15 wolves
  A boggart (Elf:1)
  2 centaurs
  11 crocodiles
  4 big kobolds
  Blork the orc (D:5)
  9 bullfrogs
  2 earth elementals
  A wyvern zombie (D:9)
  6 scorpions
  Dowan (D:6)
  30 killer bees
  3 electric eels
  9 wights
  8 howler monkeys
  5 crimson imps
  A quasit (D:7)
  6 hounds
  A jelly (D:5)
  11 orc priests
  A centaur skeleton (D:7)
  4 iguanas
  18 orc wizards
  Ijyb (D:5)
  9 worker ants
  3 hell rats (D:8)
  2 hound skeletons
  16 adders
  3 gnolls (D:10)
  6 river rats (D:8)
  A howler monkey skeleton (D:6)
  2 shadow imps
  An adder zombie (D:5)
  An adder skeleton (D:6)
  2 worms (D:3)
  A dart slug (D:2)
  5 leopard geckos
  59 orcs
  4 ball pythons
  7 giant cockroaches
  7 hobgoblins
  12 jackals
  20 kobolds
  10 quokkas
  14 bats
  4 frilled lizards
  3 goblins (D:1)
  5 jackal skeletons
  2 quokka skeletons
  A quokka zombie (D:6)
  23 rats
  A butterfly (Lair:3)
  6 fungi
  3 plants
  9 tentacles
1001 creatures vanquished.

Vanquished Creatures (others)
  A satyr (Shoals:3)
  A deep elf knight (Elf:1)
  2 deep elf archers
  A wizard (Elf:1)
  A wolf spider (Spider:1)
  A faun (Shoals:2)
  A yaktaur (Shoals:2)
  A tarantella (Spider:1)
  2 centaurs (Shoals:2)
  A boggart (Elf:1)
  An orc priest (Orc:2)
  19 fungi
  16 plants
  40 tentacles
88 creatures vanquished.

Grand Total: 1089 creatures vanquished

Notes
Turn   | Place    | Note
-------+----------+-------------------------------------------
     0 | D:1      | Foic the Formicid Fighter began the quest for the Orb.
     0 | D:1      | Reached XP level 1. HP: 18/18 MP: 1/1
   226 | D:1      | Reached XP level 2. HP: 24/24 MP: 2/2
   848 | D:2      | Reached skill level 4 in Shields
   848 | D:2      | Reached XP level 3. HP: 20/30 MP: 3/3
  1027 | D:2      | Reached XP level 4. HP: 36/37 MP: 4/4
  1052 | D:2      | Found a shattered altar of Ashenzari.
  1640 | D:3      | Found a stormy altar of Qazlal.
  1660 | D:3      | Reached skill level 1 in Dodging
  1760 | D:3      | Became a worshipper of Qazlal Stormbringer
  1791 | D:3      | Reached XP level 5. HP: 38/42 MP: 5/5
  2011 | D:3      | Found a faded altar of an unknown god.
  2628 | D:4      | Reached XP level 6. HP: 45/48 MP: 6/6
  2632 | D:4      | Reached skill level 5 in Shields
  2763 | D:4      | Found a staircase to the Ecumenical Temple.
  2838 | D:4      | Found a radiant altar of Vehumet.
  3093 | D:4      | Found a sacrificial altar of Ru.
  3124 | D:4      | Reached * piety under Qazlal
  3125 | D:4      | Found a hide-covered altar of Uskayaw.
  3348 | D:5      | Entered Level 5 of the Dungeon
  3502 | D:5      | Reached XP level 7. HP: 55/55 MP: 7/7
  3647 | D:5      | Noticed Blork the orc
  3661 | D:5      | Killed Blork the orc
  3768 | D:5      | Reached skill level 5 in Fighting
  3774 | D:5      | Noticed Eustachio
  3819 | D:5      | Reached skill level 6 in Shields
  4175 | D:5      | Killed Eustachio
  4175 | D:5      | Reached XP level 8. HP: 62/62 MP: 8/8
  4470 | D:5      | Found a burning altar of Makhleb.
  4476 | D:5      | Noticed Ijyb
  4489 | D:5      | Killed Ijyb
  4756 | D:5      | Noticed Pikel
  4774 | D:5      | Killed Pikel
  4774 | D:5      | Reached skill level 5 in Axes
  4774 | D:5      | Reached skill level 5 in Armour
  4774 | D:5      | Reached skill level 7 in Shields
  4921 | D:5      | Found a burning altar of Makhleb.
  5014 | D:5      | Reached XP level 9. HP: 69/70 MP: 9/9
  5068 | D:6      | Noticed Menkaure
  5076 | D:6      | Killed Menkaure
  5144 | D:6      | Reached ** piety under Qazlal
  5151 | D:6      | Reached skill level 8 in Shields
  5276 | D:6      | Got a pair of twisted gloves
  5282 | D:6      | Noticed Duvessa
  5285 | D:6      | Identified the +1 pair of gloves of Liberty {+Inv rF+ rC-
                  | Dex+2} (You found it on level 6 of the Dungeon)
  5290 | D:6      | Noticed Dowan
  5325 | D:6      | Killed Dowan
  5335 | D:6      | Killed Duvessa
  5481 | D:6      | Found an ancient bone altar of Kikubaaqudgha.
  5490 | D:6      | Found a shimmering altar of Xom.
  5658 | D:6      | Found a deep blue altar of Sif Muna.
  5658 | D:6      | Found a sparkling altar of Nemelex Xobeh.
  5661 | D:6      | Found a blossoming altar of Fedhas.
  6078 | D:7      | Noticed a two-headed ogre
  6091 | D:7      | Killed a two-headed ogre
  6091 | D:7      | Reached skill level 9 in Shields
  6091 | D:7      | Reached XP level 10. HP: 62/79 MP: 10/10
  6153 | D:7      | You fall through a shaft!
  6285 | D:7      | Found a runed translucent door.
  6405 | D:7      | Noticed will825x's ghost (novice HOMo)
  6426 | D:7      | Found a runed translucent door.
  6531 | D:7      | Noticed an unseen horror
  6545 | D:7      | Killed an unseen horror
  6633 | D:7      | Reached skill level 10 in Shields
  6645 | D:7      | Found a runed translucent door.
  6668 | D:7      | Found a runed translucent door.
  6772 | D:7      | Reached *** piety under Qazlal
  6927 | D:7      | Got a clouded jade ring
  6930 | D:7      | Identified the ring of Kaul {rCorr Int+5 Dex+5} (You found
                  | it on level 7 of the Dungeon)
  7224 | D:8      | Noticed Grum
  7263 | D:8      | Killed Grum
  7602 | D:8      | Found a white marble altar of Elyvilon.
  7740 | D:8      | Reached XP level 11. HP: 79/87 MP: 11/11
  8095 | D:8      | Reached skill level 11 in Shields
  8300 | D:8      | Reached **** piety under Qazlal
  8999 | D:9      | Noticed Joseph
  9013 | D:9      | Killed Joseph
  9206 | D:9      | Noticed a deep elf mage
  9453 | D:9      | Reached skill level 10 in Axes
  9618 | D:9      | Killed a deep elf mage
  9683 | D:9      | Noticed Erolcha
  9754 | D:8      | Killed Erolcha
  9754 | D:8      | Reached skill level 12 in Shields
 10120 | D:9      | Found a staircase to the Lair.
 10126 | Lair:1   | Entered Level 1 of the Lair of Beasts
 11353 | D:9      | Reached XP level 12. HP: 69/96 MP: 12/12
 11721 | D:9      | Found a staircase to the Orcish Mines.
 11727 | D:9      | Reached ***** piety under Qazlal
 11891 | D:9      | Found a deep blue altar of Sif Muna.
 12022 | D:10     | Entered Level 10 of the Dungeon
 12383 | D:10     | Reached skill level 1 in Stealth
 12585 | D:10     | Found a portal to a secret trove of treasure.
 12755 | D:10     | Reached skill level 10 in Fighting
 12764 | D:10     | Reached skill level 13 in Shields
 13718 | Lair:2   | Found a hole to the Spider Nest.
 14461 | Lair:3   | Noticed Nergalle
 14468 | Lair:2   | Reached skill level 14 in Shields
 14661 | Lair:3   | Reached XP level 13. HP: 98/104 MP: 13/13
 14668 | Lair:3   | Killed Nergalle
 15189 | Lair:3   | Reached skill level 15 in Shields
 15214 | Lair:3   | Reached ****** piety under Qazlal
 15542 | Lair:3   | Found a staircase to the Shoals.
 15596 | Lair:3   | Noticed a four-headed hydra
 15651 | Lair:3   | Killed a four-headed hydra
 16548 | Lair:4   | Found a large runed translucent door.
 16549 | Lair:4   | Found a large runed translucent door.
 16550 | Lair:4   | Noticed Nubia's ghost (journeyman GnEn)
 17139 | Lair:4   | Gained mutation: Your magical capacity is low. (-10% MP)
                  | [potion of mutation]
 17139 | Lair:4   | Gained mutation: You have sharp toenails. [potion of
                  | mutation]
 17308 | Lair:4   | Reached XP level 14. HP: 97/114 MP: 12/12
 17448 | Lair:5   | Reached skill level 16 in Shields
 18231 | Lair:6   | Entered Level 6 of the Lair of Beasts
 18364 | Lair:5   | Reached skill level 10 in Armour
 18474 | Lair:6   | Noticed Urug
 18501 | Lair:6   | Killed Urug
 18615 | Lair:6   | Noticed Josephine
 18628 | Lair:6   | Killed Josephine
 18996 | Lair:6   | Found a staircase to the Slime Pits.
 19119 | Lair:6   | Noticed Sonja
 19131 | Lair:6   | Killed Sonja
 19133 | Lair:6   | Reached skill level 17 in Shields
 19289 | Lair:6   | Reached XP level 15. HP: 94/122 MP: 13/13
 19496 | Lair:6   | Identified a scroll of acquirement
 19497 | Lair:6   | Got a twitching platinum amulet
 19498 | Lair:6   | Identified the amulet of Sin {Spirit Stlth+} (You acquired
                  | it on level 6 of the Lair of Beasts)
 19850 | Orc:1    | Entered Level 1 of the Orcish Mines
 19852 | Orc:1    | Found a roughly hewn altar of Beogh.
 20022 | Orc:2    | Entered Level 2 of the Orcish Mines
 20091 | Orc:2    | Found a staircase to the Elven Halls.
 20278 | Orc:2    | Lost mutation: You have sharp toenails. [a neqoxec]
 20590 | Orc:2    | Found Guriamatal's Food Shoppe.
 20590 | Orc:2    | Found Veno's Antique Weapon Shoppe.
 20591 | Orc:2    | Found Syheqyon's Magic Scroll Shop.
 20591 | Orc:2    | Found Idghe Udu's Distillery.
 20950 | Orc:1    | Found Jafetudy's Food Shop.
 20962 | Orc:1    | Found a roughly hewn altar of Beogh.
 21473 | D:7      | Killed will825x's ghost
 21805 | Spider:1 | Entered Level 1 of the Spider Nest
 21810 | Spider:1 | Noticed Nikola
 21916 | Spider:1 | Killed Nikola
 21916 | Spider:1 | Reached skill level 18 in Shields
 22430 | Spider:2 | Noticed an emperor scorpion
 22443 | Spider:2 | Killed an emperor scorpion
 22480 | Spider:2 | Reached XP level 16. HP: 92/132 MP: 14/14
 22893 | Spider:3 | Noticed Donald
 22926 | Spider:2 | Killed Donald
 23289 | Spider:3 | Reached skill level 15 in Axes
 23496 | Spider:3 | Reached skill level 19 in Shields
 24398 | Spider:4 | Entered Level 4 of the Spider Nest
 24921 | Spider:4 | Reached XP level 17. HP: 127/140 MP: 0/15
 25065 | Spider:4 | Reached skill level 20 in Shields
 25996 | Spider:4 | Got a gossamer rune of Zot
 26308 | Temple   | Entered the Ecumenical Temple
 26578 | Shoals:1 | Entered Level 1 of the Shoals
 26760 | Lair:3   | Reached skill level 15 in Fighting
 27916 | Shoals:2 | Noticed a kraken
 27947 | Shoals:2 | Killed a kraken
 28139 | Shoals:2 | Noticed a kraken
 28148 | Shoals:2 | Killed a kraken
 28148 | Shoals:2 | Reached skill level 21 in Shields
 28243 | Shoals:2 | Got a twisted fustibalus
 28244 | Shoals:2 | Identified the +8 fustibalus of Corporal Punishment {venom,
                  | MR+ Dex+6} (You found it on level 2 of the Shoals)
 28875 | Shoals:3 | Reached XP level 18. HP: 149/149 MP: 16/16
 29138 | Shoals:3 | Found a burning altar of Makhleb.
 29141 | Shoals:3 | Noticed a kraken
 29204 | Shoals:3 | Killed a kraken
 29242 | Shoals:3 | Found a transporter.
 29284 | Shoals:3 | Noticed Andrea's ghost (adept HuFi)
 29300 | Shoals:3 | Found a transporter.
 29649 | Shoals:4 | Entered Level 4 of the Shoals
 29842 | Elf:1    | Entered Level 1 of the Elven Halls
 31155 | Elf:1    | Found a runed translucent gate.
 31155 | Elf:1    | Found a runed translucent gate.
 31156 | Elf:1    | Found a runed translucent gate.
 31158 | Elf:1    | Noticed a tentacled monstrosity
 31162 | Elf:1    | Noticed a tentacled monstrosity
 31184 | Elf:1    | Killed a tentacled monstrosity
 31195 | Elf:1    | Killed a tentacled monstrosity
 31212 | Elf:1    | Found a runed translucent gate.
 31212 | Elf:1    | Found a runed translucent gate.
 31316 | Elf:1    | Found a runed translucent gate.
 31319 | Elf:1    | Noticed arest24's ghost (journeyman MiFi)
 31914 | Elf:2    | Found a runed translucent gate.
 31914 | Elf:2    | Found a runed translucent gate.
 31920 | Elf:2    | Found a runed translucent gate.
 31938 | Elf:2    | Reached XP level 19. HP: 159/159 MP: 17/17
 31979 | Elf:2    | Identified the +6 battleaxe of Righteous Fury {chop, rElec
                  | MR+ Dex+2}
 32462 | Elf:2    | Reached skill level 22 in Shields
 32929 | Elf:3    | Entered Level 3 of the Elven Halls
 33081 | Elf:3    | Identified the +9 mace of Foic's Exquisite Death
                  | {antimagic, +Rage rF+ Str-2 SInv}
 33089 | Elf:3    | Killed from afar by a deep elf sorcerer

Skill      XL: |  1  2  3  4  5  6  7  8  9 10 11 12 13 14 15 16 17 18 19 |
---------------+----------------------------------------------------------+-----
Shields        | 4 5 6 7 9 10 12 14 15 17 18 19 21 22 | 22.0
Fighting       | 4 5 6 7 8 9 10 11 12 13 14 15 16 | 16.8
Dodging        | 1 2 3 |  3.4
Axes           | 3 4 5 8 9 10 11 12 13 14 15 16 17 | 17.2
Armour         | 4 5 6 7 8 9 10 11 12 | 12.7
Stealth        | 1 |  1.1
Slings         | |  0.6
Invocations    | |  0.2

Action                   |  1- 3 |  4- 6 |  7- 9 | 10-12 | 13-15 | 16-18 | 19-21 || total
-------------------------+-------+-------+-------+-------+-------+-------+-------++-------
Melee: War axe           |    79 |   239 |   277 |   800 |   349 |       |       ||  1744
       Kick              |       |       |       |       |   133 |       |       ||   133
       Flail             |       |       |       |       |     3 |       |       ||     3
       Battleaxe         |       |       |       |       |   356 |   949 |   129 ||  1434
 Fire: Hunting sling     |       |       |     4 |       |       |       |       ||     4
Throw: Stone             |       |       |       |       |       |    14 |       ||    14
Invok: Upheaval          |       |       |       |       |       |     1 |       ||     1
 Abil: Dig               |       |     2 |       |     4 |     3 |       |       ||     9
  Use: Scroll            |       |       |     8 |    11 |    12 |     6 |       ||    37
       Potion            |       |       |     9 |     1 |     5 |     1 |       ||    16
  Eat: Chunk             |       |     9 |     9 |    39 |    15 |    15 |     4 ||    91
       Ration            |       |       |       |       |     1 |     5 |       ||     6
Armor: Scale mail        |    53 |   104 |       |       |       |       |       ||   157
       Plate armour      |       |     7 |   164 |   187 |   283 |   457 |    26 ||  1124
Dodge: Dodged            |    23 |    96 |    83 |   142 |   151 |   240 |    21 ||   756
       Deflected         |       |       |       |     6 |     4 |    18 |     3 ||    31
Block: Shield            |    46 |   131 |   248 |   709 |   948 |  1400 |   130 ||  3612
       Reflection        |       |       |       |       |       |   105 |    10 ||   115
